 Dungeon Crawl Stone Soup version 0.30-a0-568-g124715a40b (webtiles) character file.

Game seed: 15992122926930402751

14282 Jase the Grappler (level 11, -4/93 HPs)
             Began as a Troll Warper on Dec 28, 2022.
             Was a High Priest of Hepliaklqana.
             Slain by a blink frog (11 damage)
             ... on level 1 of the Lair of Beasts.
             The game lasted 00:35:11 (7970 turns).

Jase the Grappler (Troll Warper)                    Turns: 7970, Time: 00:35:11

Health: -4/93      AC:  7    Str: 25    XL:     11   Next: 86%
Magic:  26/26      EV: 10    Int:  9    God:    Hepliaklqana [*****.]
Gold:   578        SH:  0    Dex:  9    Spells: 4/12 levels left

rFire   . . .      SeeInvis .      - Unarmed
rCold   . . .      Faith    .    (no shield)
rNeg    . . .      Spirit   .    B - +0 steam dragon scales
rPois   .          Reflect  .    (helmet restricted)
rElec   .          Harm     .    (no cloak)
rCorr   .          Rampage  .    (gloves unavailable)
Will    .....                    (boots unavailable)
Stlth   +                        h - amulet of the acrobat
HPRegen 1.15/turn                k - ring of magical power
MPRegen 0.20/turn                (no ring)

@: mighty, brilliant, invisible
A: reduced essence, large, unfitting armour, claws 3, regeneration 1, shaggy fur
1, tough skin 1
a: Renounce Religion, Recall Ancestor, Ancestor Identity, Transference, Idealise


You were on level 1 of the Lair of Beasts.
You worshipped Hepliaklqana.
Hepliaklqana was extremely pleased with you.
You visited 2 branches of the dungeon, and saw 10 of its levels.
You also visited: Bailey.

You collected 578 gold pieces.

Inventory:

Hand Weapons
 a - a +1 flail
 x - the +1 dagger of the Disturbing Eyes {distort, rPois rN+}
   (You found it on level 5 of the Dungeon)

   It warps and distorts space around it, and may blink, banish, or inflict
   extra damage upon those it strikes.
   Unwielding it can cause banishment or teleport you to foes.
   rPois:     It protects you from poison.
   rN:        It protects you from negative energy.
Missiles
 c - 6 boomerangs of dispersal (quivered)
 f - 55 stones
 F - 21 poisoned darts
Armour
 B - +0 steam dragon scales (worn)
Jewellery
 h - an amulet of the acrobat (around neck)
 k - a ring of magical power (left claw)
Scrolls
 b - 2 scrolls of blinking
 e - 5 scrolls of poison
 j - a scroll of brand weapon {unknown}
 l - a scroll of fear
 m - 2 scrolls of teleportation
 s - a scroll of silence {unknown}
 w - a scroll of immolation {unknown}
 y - a scroll of fog
 z - a scroll of enchant armour {unknown}
 D - a scroll of acquirement {unknown}
 E - a scroll of magic mapping {unknown}
 G - a scroll of vulnerability {unknown}
Potions
 d - 7 potions of curing
 g - 3 potions of brilliance
 i - 5 potions of might
 n - 4 potions of resistance
 o - 2 potions of lignification
 q - 2 potions of experience {unknown}
 r - 2 potions of invisibility
 t - 8 potions of heal wounds {unknown}
 u - a potion of ambrosia
 v - 2 potions of magic
 A - a potion of cancellation
 C - 3 potions of haste {unknown}


   Skills:
 + Level 5.3 Fighting
 - Level 1.0 Throwing
 - Level 5.0 Dodging
 + Level 11.2 Unarmed Combat
 - Level 1.2 Spellcasting
 - Level 7.0 Translocations
 + Level 9.9 Invocations


You had 4 spell levels left.
You knew the following spells:

 Your Spells              Type           Power      Damage    Failure   Level
a - Blink                 Tloc           38%        N/A       3%          2
b - Lesser Beckoning      Tloc           38%        N/A       6%          3
c - Teleport Other        Tloc           19%        N/A       6%          3

Your spell library contained the following spells:

 Spells                   Type           Power      Damage    Failure   Level
 Manifold Assault         Tloc           19%        N/A       21%         4
 Portal Projectile        Hex/Tloc       20%        N/A       26%         3
 Vhi's Electric Charge    Tloc/Air       20%        N/A       26%         3
 Beastly Appendage        Tmut           0%         N/A       36%         1
 Kiss of Death            Conj/Necr      0%         2d5       36%         1
 Magic Dart               Conj           0%         1d3       36%         1
 Call Imp                 Summ           0%         N/A       50%         2
 Static Discharge         Conj/Air       0%         2-2/arc   50%         2
 Wereblood                Tmut           0%         N/A       50%         2
 Confusing Touch          Hex            0%         N/A       73%         3
 Mephitic Cloud           Conj/Pois/Air  0%         N/A       73%         3
 Spider Form              Tmut/Pois      0%         N/A       73%         3
 Tukima's Dance           Hex            0%         N/A       73%         3
 Dispel Undead            Necr           0%         3d6       98%         4
 Arcjolt                  Conj/Air       0%         1d10      100%        5
 Blade Hands              Tmut           0%         N/A       100%        5
 Lightning Bolt           Conj/Air       0%         1d11      100%        5


Dungeon Overview and Level Annotations

Branches:
Dungeon (9/15)             Temple (0/1) D:5            Lair (1/5) D:9
 Bailey (visited)
    Orc: D:9-12

Altars:
Ashenzari
Cheibriados
Dithmenos
Elyvilon
Gozag
Hepliaklqana
Ru
Sif Muna
Yredelemnul
The Shining One

Shops:
D:1 !

Annotations:
D:8 3 exclusions
Lair:1 1 runed translucent door, drugrobin's ghost, journeyman DgDe


Innate Abilities, Weirdness & Mutations

Your life essence is reduced to manifest your ancestor. (-10% HP)
You are too large for most types of armour.
You have claws for hands.
Your natural rate of healing is unusually fast.
You are covered in fur. (AC +1)
You have tough skin. (AC +1)


Message History

The blink frog blinks!
The blink frog completely misses you. The blink frog barely misses you.
You see here a bullfrog corpse.
The blink frog misses you.
You claw the blink frog!
The blink frog is heavily wounded.
The blink frog hits you!
The blink frog hits you but does no damage.
You mangle the blink frog!!
You kill the blink frog!
The blink frog hits you.
The blink frog blinks!
The blink frog hits you.
The blink frog blinks! x2
You see here a blink frog corpse.
You completely miss the blink frog. The blink frog hits you.
You closely miss the blink frog. The blink frog hits you! x2
You barely miss the blink frog.
The blink frog hits you but does no damage. x2
You feel very mighty all of a sudden. The blink frog hits you!
The blink frog hits you.
The blink frog hits you but does no damage.
The blink frog hits you!
* * * LOW HITPOINT WARNING * * *
The blink frog blinks!
You fade into invisibility!
The blink frog hits you!
* * * LOW HITPOINT WARNING * * *
The blink frog blinks!
The blink frog misses you.
You closely miss the blink frog. Your claw misses the blink frog.
The blink frog closely misses you. The blink frog barely misses you.
You mangle the blink frog!!
The blink frog is severely wounded.
The blink frog hits you but does no damage.
You mangle the blink frog!!
You kill the blink frog!
The blink frog hits you!
* * * LOW HITPOINT WARNING * * *
It was a potion of brilliance.
You feel clever all of a sudden. The blink frog hits you!
You die...

.# #P...........#
## ###.......?..# #
#P..........#
#..........#
P..####.........#.#
#............†..#
#..........†.###
####....##..F†##
####.......###.F@#
.##........##...##
...........##....#
................P#
...............###
...............#
..........#....#
.........###....#
........## #......


You could see 2 blink frogs.

Vanquished Creatures
  3 two-headed ogres (D:9)
  A gargoyle (D:7)
  2 rime drakes
  3 kobold demonologists (D:9)
  2 komodo dragons (Lair:1)
  A polar bear (D:9)
  5 blink frogs (Lair:1)
  A wraith (D:9)
  2 wyverns
  11 yaks
  A steam dragon (D:8)
  2 water moccasins (D:6)
  2 black bears
  A sky beast (D:7)
  5 ice beasts
  5 wolves (Lair:1)
  A kobold brigand (D:9)
  4 bullfrogs
  3 scorpions
  A necrophage (D:5)
  10 wights
  5 killer bees
  2 jellies (D:5)
  An orc priest (D:8)
  4 hounds
  A gnoll bouda (D:8)
  3 iguanas
  A hexer (D:9)
  2 orc wizards
  13 gnolls
  3 adders
  2 white imps (D:7)
  An ufetubus (D:6)
  4 worms
  3 dart slugs
  29 orcs
  7 endoplasms
  2 giant cockroaches (D:1)
  5 hobgoblins
  5 jackals
  14 kobolds
  A quokka (D:3)
  6 ball pythons
  3 bats
  6 frilled lizards
  6 goblins
  A rat (D:2)
  2 spectral kobolds
198 creatures vanquished.

Vanquished Creatures (collateral kills)
  A kobold demonologist (D:9)
  A komodo dragon (Lair:1)
  A rime drake (Lair:1)
  A hornet (D:8)
  2 blink frogs (Lair:1)
  Sigmund (D:4)
  A wyvern (D:7)
  3 yaks
  A steam dragon (D:8)
  Edmund (D:4)
  2 water moccasins
  An orc warrior (Bailey)
  A wolf (Lair:1)
  2 centaurs
  A kobold brigand (D:9)
  3 bullfrogs
  A necrophage (D:7)
  2 scorpions
  5 wights
  2 killer bees (D:9)
  An orc priest (D:4)
  A hound (D:7)
  A gnoll bouda (D:4)
  An iguana (D:6)
  An orc wizard (D:4)
  5 gnolls
  5 adders
  A shadow imp (D:7)
  6 orcs
  An endoplasm (D:4)
  2 quokkas
  5 kobolds
63 creatures vanquished.

Vanquished Creatures (others)
  5 hexers
  An ancestor (D:3)
  A fungus (Lair:1)
  A withered plant (Lair:1)
8 creatures vanquished.

Grand Total: 269 creatures vanquished

Notes
Turn   | Place    | Note
-------+----------+-------------------------------------------
     0 | D:1      | Jase the Troll Warper began the quest for the Orb.
     0 | D:1      | Reached XP level 1. HP: 19/19 MP: 1/1
    48 | D:1      | Reached skill level 1 in Throwing
   453 | D:1      | Reached XP level 2. HP: 26/27 MP: 2/2
   543 | D:1      | Found Cuecurig's Distillery.
   729 | D:1      | Reached XP level 3. HP: 32/33 MP: 3/3
   916 | D:2      | Found a faded altar of an unknown god.
   926 | D:2      | Prayed at the altar of an unknown god.
   926 | D:2      | Became a worshipper of Hepliaklqana the Forgotten
   926 | D:2      | Reached * piety under Hepliaklqana
   986 | D:2      | Learned a level 2 spell: Blink
  1042 | D:2      | Reached skill level 3 in Unarmed Combat
  1438 | D:3      | Reached skill level 1 in Invocations
  1438 | D:3      | Reached XP level 4. HP: 15/36 MP: 4/4
  1811 | D:3      | Reached ** piety under Hepliaklqana
  1812 | D:3      | Remembered your ancestor Hamal as a hexer
  2293 | D:4      | Found an opulent altar of Gozag.
  2304 | D:4      | Reached XP level 5. HP: 41/43 MP: 5/5
  2330 | D:4      | Reached skill level 4 in Unarmed Combat
  2333 | D:4      | HP: 1/43 [gnoll/+0 spear[a gnoll bouda] (5)]
  2339 | D:4      | Reached XP level 6. HP: 8/49 MP: 6/6
  2343 | D:4      | Learned a level 3 spell: Lesser Beckoning
  2491 | D:4      | Noticed Edmund
  2518 | D:4      | Killed Edmund
  2690 | D:4      | Noticed Sigmund
  2695 | D:4      | Killed Sigmund
  2696 | D:4      | Reached XP level 7. HP: 55/55 MP: 8/8
  2710 | D:4      | Reached skill level 5 in Unarmed Combat
  3112 | D:5      | Entered Level 5 of the Dungeon
  3141 | D:5      | Found a shimmering blue altar of Sif Muna.
  3142 | D:5      | Found a white marble altar of Elyvilon.
  3143 | D:5      | Found a snail-covered altar of Cheibriados.
  3143 | D:5      | Found a basalt altar of Yredelemnul.
  3179 | D:5      | Reached *** piety under Hepliaklqana
  3253 | D:5      | Reached XP level 8. HP: 57/66 MP: 10/10
  3355 | D:5      | Identified the +1 dagger of the Disturbing Eyes {distort,
                  | rPois rN+}
  3363 | D:5      | Found a glowing golden altar of the Shining One.
  3436 | D:5      | Found a staircase to the Ecumenical Temple.
  3582 | D:5      | Reached skill level 6 in Unarmed Combat
  3700 | D:6      | Found a broken altar of Ashenzari.
  3749 | D:6      | Reached skill level 5 in Translocations
  3855 | D:6      | Reached skill level 5 in Invocations
  3856 | D:6      | HP: 3/67 [water moccasin (7)]
  4419 | D:7      | Learned a level 3 spell: Teleport Other
  4514 | D:7      | Reached XP level 9. HP: 53/75 MP: 12/12
  4557 | D:7      | Reached skill level 7 in Unarmed Combat
  4589 | D:7      | Noticed a gargoyle
  4599 | D:7      | Killed a gargoyle
  4933 | D:7      | Found a hazy altar of Hepliaklqana.
  4952 | D:7      | Reached skill level 5 in Fighting
  5184 | D:8      | Reached skill level 8 in Unarmed Combat
  5358 | D:8      | Reached **** piety under Hepliaklqana
  5382 | D:8      | Reached XP level 10. HP: 73/86 MP: 14/14
  5486 | D:8      | Found a shadowy altar of Dithmenos.
  5656 | D:8      | Found a flagged portal.
  5699 | Bailey   | Entered a bailey
  6452 | D:9      | Found a sacrificial altar of Ru.
  6461 | D:9      | Noticed a two-headed ogre
  6468 | D:9      | Killed a two-headed ogre
  6469 | D:9      | Reached skill level 9 in Unarmed Combat
  6478 | D:9      | Noticed a two-headed ogre
  6478 | D:9      | Noticed a two-headed ogre
  6485 | D:9      | Killed a two-headed ogre
  6504 | D:9      | Killed a two-headed ogre
  6568 | D:9      | Found a staircase to the Lair.
  6672 | D:9      | Noticed a rust devil
  6673 | D:9      | Noticed an orange demon
  6679 | D:9      | Reached skill level 5 in Dodging
  6719 | D:9      | Reached XP level 11. HP: 81/91 MP: 16/16
  6860 | D:9      | Reached skill level 10 in Unarmed Combat
  7436 | Lair:1   | Entered Level 1 of the Lair of Beasts
  7830 | Lair:1   | Reached ***** piety under Hepliaklqana
  7832 | Lair:1   | Found a runed translucent door.
  7832 | Lair:1   | Noticed drugrobin's ghost (journeyman DgDe)
  7845 | Lair:1   | Reached skill level 11 in Unarmed Combat
  7970 | Lair:1   | Slain by a blink frog

Illustrated notes

Levels and vault maps discovered:
D:1:      shiori_arrival_oz, layout_basic, serial_shops, shop
D:2:      layout_rooms, dreamdust_ecumenical_altar_drowned_temple
D:3:      layout_basic, nicolae_elevator_lobby_asterisk
D:4:      layout_basic, mainiacjoe_overflow_boulevard, serial_glass,
          glass_columns_a, glass_columns_b, uniq_sigmund, uniq_edmund
D:5:      layout_rooms, chequers_temple_overflow_statue_of_worship,
          kennysheep_little_box, minmay_temple_entry_sparse_star,
          lightli_corner_chamber
D:6:      layout_basic, mainiacjoe_overflow_small_starburst
D:7:      kennysheep_six_static_rooms, layout_basic,
          nicolae_hepliaklqana_monster_ancestors
D:8:      layout_basic, grunt_dithmenos_smoke_and_mirrors, enter_bailey_5
D:9:      layout_basic, mainiacjoe_overflow_24_doors, hellmonk_lair_entry_icy
Lair:1:   layout_hall_layers, gammafunk_ghost_grave

Skill      XL: |  1  2  3  4  5  6  7  8  9 10 11 |
---------------+----------------------------------+-----
Throwing       | 1 |  1.0
Unarmed Combat | 3 4 5 6 8 9 11 | 11.2
Translocations | 3 4 5 7 |  7.0
Invocations    | 1 2 3 4 5 7 8 9 |  9.9
Fighting       | 2 4 5 |  5.3
Dodging        | 3 5 |  5.0
Spellcasting   | |  1.2

Action                   |  1- 3 |  4- 6 |  7- 9 | 10-12 || total
-------------------------+-------+-------+-------+-------++-------
Melee: Unarmed           |   110 |    96 |   213 |   259 ||   678
       Punch             |     2 |     1 |     6 |    14 ||    23
Throw: Boomerang         |       |       |       |     1 ||     1
Invok: Ancestor Life: He |       |     1 |       |       ||     1
       Transference      |       |       |     1 |       ||     1
       Recall Ancestor   |       |       |       |     3 ||     3
  Use: Scroll            |       |       |     4 |    10 ||    14
       Potion            |       |       |     1 |     4 ||     5
 Stab: Distracted        |       |     1 |     1 |     4 ||     6
       Confused          |       |       |     2 |     6 ||     8
Armor: Robe              |    46 |    24 |    44 |       ||   114
       Steam dragon scal |       |       |       |    43 ||    43
Dodge: Dodged            |    53 |    47 |    86 |   111 ||   297

Table legend: (Time is in decaauts)
 A = Elapsed time spent in this place.
 B = Non-inter-level travel time spent in this place.
 C = Inter-level travel time spent in this place.
 D = Time resting spent in this place.
 E = Time spent auto-exploring this place.
 F = Levels seen in this place.
 G = Mean time per level.
                   A        B        C        D        E       F      G
               +--------+--------+--------+--------+--------+-----+--------+
         Total |   7899 |   7711 |    188 |    468 |   5256 |  11 |  718.1 |
       Dungeon |   7030 |   6842 |    188 |    322 |   5112 |   9 |  781.1 |
          Lair |    512 |    512 |      0 |     99 |    144 |   1 |  512.0 |
        Bailey |    356 |    356 |      0 |     47 |      0 |   1 |  356.0 |
               +--------+--------+--------+--------+--------+-----+--------+

Top non-repeatable levels by time:
     D:9: 1062 daAuts
     D:4: 927 daAuts
     D:7: 871 daAuts
     D:1: 831 daAuts
     D:8: 823 daAuts
     D:3: 773 daAuts
     D:6: 647 daAuts
     D:2: 563 daAuts
     D:5: 529 daAuts
  Lair:1: 512 daAuts
  Bailey: 356 daAuts
